 Dungeon Crawl Stone Soup version 0.28.0-43-g3370ac3207 (webtiles) character file.

Game seed: 4588928965791023099

955 Tinkle the Cleaver (level 7, -1/61 HPs)
             Began as a Minotaur Berserker on Mar 16, 2022.
             Was a Priest of Trog.
             Slain by a killer bee (3 damage)
             ... on level 5 of the Dungeon.
             The game lasted 00:13:53 (6208 turns).

Tinkle the Cleaver (Minotaur Berserker)             Turns: 6208, Time: 00:13:56

Health: -1/61      AC:  8    Str: 23    XL:     7   Next: 91%
Magic:  6/6        EV:  6    Int:  4    God:    Trog [***...]
Gold:   160        SH: 12    Dex: 10    Spells: 6/6 levels left

rFire   . . .      SeeInvis .   a - +0 hand axe
rCold   + . .      Faith    .   p - +0 tower shield
rNeg    . . .      Spirit   .   e - +0 scale mail
rPois   .          Reflect  .   (helmet restricted)
rElec   .          Harm     .   h - +0 cloak
rCorr   .          Rampage  .   n - +0 pair of gloves
Will    ++...                   (no boots)
Stlth   ..........              (no amulet)
HPRegen 1.20/turn               i - ring of protection from cold
MPRegen 0.10/turn               (no ring)

@: lethally poisoned (-1 -> -3), strong-willed, regenerating
A: horns 2, retaliatory headbutt
a: Renounce Religion, Berserk, Trog's Hand


You were on level 5 of the Dungeon.
You worshipped Trog.
Trog was most pleased with you.
You visited 1 branch of the dungeon, and saw 5 of its levels.

You collected 160 gold pieces.

Inventory:

Hand Weapons
 a - a +0 hand axe (weapon)
Missiles
 s - 2 poisoned darts (quivered)
 t - 6 atropa-tipped darts
Armour
 e - a +0 scale mail (worn)
 h - a +0 cloak (worn)
 n - a +0 pair of gloves (worn)
 p - a +0 tower shield (worn)
Jewellery
 i - a ring of protection from cold (left hand)
Wands
 o - a wand of acid (5)
 q - a wand of digging (5)
 w - a wand of iceblast (15)
Scrolls
 d - 3 scrolls of identify {unknown}
 f - 3 scrolls of teleportation {unknown}
 g - 2 scrolls of amnesia {unknown}
 j - a scroll of enchant armour {unknown}
 k - a scroll of torment {unknown}
 l - a scroll of blinking {unknown}
 r - a scroll of noise {unknown}
Potions
 b - 4 potions of curing {unknown}
 c - a potion of berserk rage {unknown}
 m - 2 potions of degeneration {unknown}
 u - a potion of lignification {unknown}
 v - a potion of resistance {unknown}


   Skills:
 + Level 5.4 Fighting
 * Level 9.6 Axes
 - Level 2.5 Armour
 - Level 2.1 Dodging
 + Level 4.4 Shields


You had 6 spell levels left.
You didn't know any spells.
Your spell library was empty.

Dungeon Overview and Level Annotations

Branches:
Dungeon (5/15)
 Temple: D:4-7

Altars:
Cheibriados


Innate Abilities, Weirdness & Mutations

You have a pair of horns on your head.
You reflexively headbutt those who attack you in melee.


Message History

A killer bee is nearby!
A killer bee is nearby!
A killer bee is nearby!
A killer bee is nearby!
A killer bee is nearby!
A killer bee is nearby!
You feel sick.
You feel sick.
You feel sick.
A killer bee comes into view.
You feel sick.
You are no longer poisoned.
The killer bee stings you.
* * * LOW HITPOINT WARNING * * *
You are poisoned.
The killer bee poisons you!
You feel very sick.
The killer bee buzzes angrily.
You block the killer bee's attack.
You feel sick. You block the killer bee's attack.
You feel sick.
The killer bee stings you but does no damage.
You feel sick. The killer bee barely misses you. You furiously retaliate!
You headbutt the killer bee. You miss the killer bee. You hit the killer bee.
You feel sick. You block the killer bee's attack.
The killer bee stings you but does no damage.
The killer bee stings you.
* * * LOW HITPOINT WARNING * * *
You block the killer bee's attack. The killer bee stings you.
* * * LOW HITPOINT WARNING * * *
You are lethally poisoned!
The killer bee poisons you!
Your skin crawls.
You feel strong-willed.
* * * LOW HITPOINT WARNING * * *
You feel sick. You block the killer bee's attack. x2
A hornet zombie comes into view.
You block the killer bee's attack. The killer bee stings you.
You die...

#...######.# ##...# ####.#
.#...#...##.#####
.#.⌠.#.<.##.....#
.#...#...######.###
###.###.#######...#
.#[..#...#...##...#
.......8...<.##...#
.#.((#...#...###@########
###.###.## ##yy.......#
.#...#...# #.........#
.#.⌠.#.<.# #...........
.#...#...# #.l.........
##...##########.........#.
#...# #....#..###.#..#
..... ####Z...........
.##.. ...###..?.#.##.##..


You could see an iguana, 2 killer bees and a hornet zombie (wandering).

Vanquished Creatures
  Sigmund (D:4)
  An ogre (D:4)
  Blork the orc (D:4)
  3 scorpions
  A water moccasin skeleton (D:5)
  2 killer bees (D:5)
  A centaur zombie (D:5)
  Jessica (D:2)
  An iguana (D:4)
  An orc wizard (D:3)
  Robin (D:4)
  4 gnolls (D:4)
  8 adders
  2 white imps
  4 worms
  A dart slug (D:2)
  5 orcs
  8 endoplasms
  3 giant cockroaches
  11 goblins
  10 hobgoblins
  4 jackals (D:2)
  4 kobolds
  6 quokkas
  2 ball pythons
  3 bats
  7 frilled lizards
  7 rats
103 creatures vanquished.

Notes
Turn   | Place    | Note
-------+----------+-------------------------------------------
     0 | D:1      | Tinkle the Minotaur Berserker began the quest for the Orb.
     0 | D:1      | Reached XP level 1. HP: 19/19 MP: 0/0
   384 | D:1      | Reached skill level 4 in Axes
   408 | D:1      | Reached XP level 2. HP: 27/27 MP: 1/1
   791 | D:1      | Found a faded altar of an unknown god.
  1305 | D:2      | Reached XP level 3. HP: 21/34 MP: 2/2
  1528 | D:2      | Reached ** piety under Trog
  1580 | D:2      | Found a snail-covered altar of Cheibriados.
  1717 | D:2      | Noticed Jessica
  1722 | D:2      | Killed Jessica
  1723 | D:2      | Reached skill level 5 in Fighting
  1723 | D:2      | Reached skill level 5 in Axes
  1723 | D:2      | Reached XP level 4. HP: 42/42 MP: 3/3
  2345 | D:3      | Reached skill level 6 in Axes
  2345 | D:3      | Reached XP level 5. HP: 48/48 MP: 4/4
  3795 | D:4      | Reached skill level 7 in Axes
  3826 | D:4      | Reached skill level 1 in Shields
  3826 | D:4      | Reached XP level 6. HP: 42/56 MP: 5/5
  3903 | D:4      | Noticed Sigmund
  3915 | D:4      | Killed Sigmund
  3916 | D:4      | Reached skill level 8 in Axes
  4036 | D:4      | Reached *** piety under Trog
  4548 | D:4      | Noticed Blork the orc
  4555 | D:4      | Killed Blork the orc
  4556 | D:4      | Reached XP level 7. HP: 61/61 MP: 6/6
  4584 | D:4      | Noticed Robin
  4597 | D:4      | Killed Robin
  4767 | D:5      | Entered Level 5 of the Dungeon
  5569 | D:4      | Reached skill level 9 in Axes
  6207 | D:5      | HP: 3/61 [killer bee (1)]
  6208 | D:5      | Slain by a killer bee

Illustrated notes

Levels and vault maps discovered:
D:1:      beargit_arrival_diablo_church, layout_basic,
          hellmonk_ecumenical_altar_leap_of_faith
D:2:      layout_loops_ring, basic_altar, minmay_tree_intersection, uniq_jessica
D:3:      layout_basic
D:4:      layout_basic, uniq_robin, uniq_blork_the_orc, uniq_sigmund
D:5:      layout_rooms, nicolae_elevator_lobby_plus

Skill      XL: |  1  2  3  4  5  6  7 |
---------------+----------------------+-----
Fighting       | 4 5 |  5.4
Axes           | 4 5 6 7 8 9 |  9.6
Shields        | 1 3 4 |  4.4
Armour         | |  2.5
Dodging        | |  2.1

Action                   |  1- 3 |  4- 6 |  7- 9 || total
-------------------------+-------+-------+-------++-------
Melee: Hand axe          |    62 |   117 |    81 ||   260
       Headbutt          |     9 |    23 |     9 ||    41
       Punch             |     1 |       |       ||     1
Throw: Dart              |       |     2 |     1 ||     3
Invok: Trog's Hand       |     1 |     2 |     1 ||     4
       Berserk           |       |     3 |     3 ||     6
 Stab: Sleeping          |     1 |       |       ||     1
Armor: Animal skin       |     1 |       |       ||     1
       Scale mail        |    15 |    31 |    33 ||    79
Dodge: Dodged            |    35 |    45 |    15 ||    95
Block: Tower shield      |       |    20 |    59 ||    79
